 Dungeon Crawl Stone Soup version 0.28-a0-1033-g1a2f33fa85 (webtiles) character file.

Game seed: 2896103032032047797

114 RepHenryClay the Conjurer (level 4, -1/24 HPs)
             Began as a Deep Elf Conjurer on Dec 8, 2021.
             Killed by divine providence
             ... invoked by an orc priest
              (14 damage)
             ... on level 3 of the Dungeon.
             The game lasted 00:01:55 (1930 turns).

RepHenryClay the Conjurer (Deep Elf Conjurer)       Turns: 1930, Time: 00:01:55

Health: -1/24      AC:  2    Str:  4    XL:     4   Next: 67%
Magic:  15/19      EV: 13    Int: 23    God:
Gold:   33         SH:  0    Dex: 15    Spells: 6/9 levels left

rFire   . . .      SeeInvis .   (no weapon)
rCold   . . .      Faith    .   (no shield)
rNeg    . . .      Spirit   .   a - +0 robe
rPois   .          Reflect  .   (no helmet)
rElec   .          Harm     .   (no cloak)
rCorr   .          Rampage  .   (no gloves)
Will    .....                   (no boots)
Stlth   ++........              f - amulet of the acrobat
HPRegen 0.08/turn               j - ring of magical power
MPRegen 0.16/turn               (no ring)

@: no status effects
A: no striking features
a: no special abilities


You were on level 3 of the Dungeon.
You visited 1 branch of the dungeon, and saw 3 of its levels.

You collected 33 gold pieces.

Inventory:

Armour
 a - a +0 robe (worn)
Jewellery
 f - an amulet of the acrobat (around neck)
 j - a ring of magical power (left hand)
Scrolls
 b - 2 scrolls of magic mapping {unknown}
 c - a scroll of blinking {unknown}
 e - a scroll of identify {unknown}
 h - 2 scrolls of enchant weapon {unknown}
 i - a scroll of teleportation {unknown}
 l - a scroll of enchant armour {unknown}
 m - 2 scrolls of acquirement {unknown}
Potions
 g - a potion of brilliance {unknown}
 k - a potion of curing


   Skills:
 - Level 2.7 Dodging
 - Level 2.7 Stealth
 - Level 3.2 Spellcasting
 + Level 6.4 Conjurations


You had 6 spell levels left.
You knew the following spells:

 Your Spells              Type           Power      Damage    Failure   Level
a - Magic Dart            Conj           100%       1d8       1%          1
b - Searing Ray           Conj           66%        2d6       1%          2

Your spell library contained the following spells:

 Spells                   Type           Power      Damage    Failure   Level
 Dazzling Flash           Conj/Hex       36%        N/A       9%          3
 Fulminant Prism          Conj/Hex       9%         3d7       30%         4
 Iskenderun's Mystic Bla  Conj/Tloc      18%        2d6       30%         4


Dungeon Overview and Level Annotations

Branches:
Dungeon (3/15)

Altars:


Message History

The searing ray hits the orc.
You kill the orc! (Press . to maintain the ray.)
Things that are here:
a +0 hand axe; a +0 ring mail; an orc corpse
There is a stone staircase leading down here.
You start resting.
Magic restored.
You start resting.
HP restored.
You climb downwards.
The orc priest mumbles some strange prayers to Beogh against you.
Pain shoots through your body!
Ouch! That really hurt!
There is a stone staircase leading up here.
Huge Dmg: -58%(-14hp) hp: 42%(10hp)
Casting: Searing Ray (safe; 1% risk of failure)
Confirm with . or Enter, or press ? or * to list all spells.
Aiming: Searing Ray (safe; 1% risk of failure)
Press: ? - help, Shift-Dir - straight line, f - orc priest
Aim: an orc priest, wielding a +0 whip (81% to hit)
The searing ray misses the orc priest. (Press . to maintain the ray.)
The orc priest hits you with a +0 whip.
* * * LOW HITPOINT WARNING * * *
Huge Dmg: -21%(-5hp) hp: 21%(5hp) It was a potion of heal wounds.
You feel much better.
The orc priest mumbles some strange prayers to Beogh against you.
Beogh smites you!
Casting: Searing Ray (safe; 1% risk of failure)
Confirm with . or Enter, or press ? or * to list all spells.
Aiming: Searing Ray (safe; 1% risk of failure)
Press: ? - help, Shift-Dir - straight line, f/p - orc priest
Aim: an orc priest, wielding a +0 whip (81% to hit)
The searing ray misses the orc priest. (Press . to maintain the ray.)
The orc priest mumbles some strange prayers to Beogh against you.
Beogh smites you!
Ouch! That really hurt!
You die...

#. #. ### #.
#.. #. #.#
#. #.#
#.##.######.
#.#@........
#..o).......
###..####...
#..# ..
.....
.#.#.#.
...... o. #
#.#.#. .
.......


You could see an orc priest.

Vanquished Creatures
  An orc priest (D:3)
  An orc wizard (D:3)
  2 adders (D:2)
  An orc (D:2)
  5 ball pythons
  3 endoplasms (D:1)
  3 giant cockroaches (D:1)
  2 goblins
  4 hobgoblins
  3 jackals (D:2)
  3 kobolds
  A quokka (D:2)
  3 bats
  A frilled lizard (D:1)
  6 rats
39 creatures vanquished.

Notes
Turn   | Place    | Note
-------+----------+-------------------------------------------
     0 | D:1      | RepHenryClay the Deep Elf Conjurer began the quest for the
                  | Orb.
     0 | D:1      | Reached XP level 1. HP: 10/10 MP: 6/6
   201 | D:1      | Reached XP level 2. HP: 15/15 MP: 2/8
   357 | D:1      | Learned a level 2 spell: Searing Ray
   713 | D:2      | Found a faded altar of an unknown god.
   809 | D:2      | Reached skill level 5 in Conjurations
   959 | D:2      | Reached XP level 3. HP: 11/19 MP: 3/9
  1738 | D:3      | Reached skill level 6 in Conjurations
  1738 | D:3      | Reached XP level 4. HP: 13/24 MP: 10/10
  1930 | D:3      | Killed from afar by an orc priest

Illustrated notes

Levels and vault maps discovered:
D:1:      onia_arrival_mini_spirals, layout_basic
D:2:      minmay_general_purpose_star, layout_basic,
          ebering_ecumenical_altar_box, minmay_crystal_room
D:3:      layout_loops_ring, okawaru_altar_gauntlet_db

Skill      XL: |  1  2  3 |
---------------+----------+-----
Conjurations   | 5 6 |  6.4
Dodging        | |  2.7
Stealth        | |  2.7
Spellcasting   | |  3.2

Action                   |  1- 3 |  4- 6 || total
-------------------------+-------+-------++-------
 Cast: Magic Dart        |    76 |     4 ||    80
       Searing Ray       |     1 |     3 ||     4
  Use: Potion            |     1 |     1 ||     2
Armor: Robe              |     5 |       ||     5
Dodge: Dodged            |    11 |     5 ||    16

Table legend: (Time is in decaauts)
 A = Elapsed time spent in this place.
 B = Non-inter-level travel time spent in this place.
 C = Inter-level travel time spent in this place.
 D = Time resting spent in this place.
 E = Time spent auto-exploring this place.
 F = Levels seen in this place.
 G = Mean time per level.
                   A        B        C        D        E       F      G
               +--------+--------+--------+--------+--------+-----+--------+
         Total |   1931 |   1902 |     29 |    388 |   1316 |   3 |  643.7 |
       Dungeon |   1931 |   1902 |     29 |    388 |   1316 |   3 |  643.7 |
               +--------+--------+--------+--------+--------+-----+--------+

Top non-repeatable levels by time:
     D:2: 1190 daAuts
     D:1: 713 daAuts
     D:3: 27 daAuts
